 Dungeon Crawl Stone Soup version 0.18-a0-1300-g6e8322c (webtiles) character file.

412 Duffy the Insei (level 6, -7/38 HPs)
             Began as an Octopode Transmuter on Feb 11, 2016.
             Mangled by PeterLawrence's ghost (16 damage)
             ... on level 4 of the Dungeon.
             The game lasted 00:07:45 (5568 turns).

Duffy the Insei (Octopode Transmuter)               Turns: 5568, Time: 00:07:45

Health: -7/38      AC:  1    Str: 12    XL:     6   Next: 90%
Magic:  7/9        EV: 12    Int: 15    God:
Gold:   115        SH:  0    Dex: 12    Spells: 3 memorised, 3 levels left

rFire  . . .     SeeInvis .       - Unarmed
rCold  + . .     Gourm    +     (no shield)
rNeg   + . .     Faith    .     (helmet restricted)
rPois  .         Spirit   .     r - amulet of the gourmand
rElec  .         Dismiss  .     m - ring of positive energy
rCorr  .         Reflect  .     t - ring of protection from cold
SustAt .         Harm     .     (no ring)
MR     .....                    (no ring)
Stlth  ++........               (no ring)
                                (no ring)
                                (no ring)
                                (no ring)

@: not resistant to hostile enchantments, unstealthy
A: almost no armour, amphibious, 8 rings, constrict 8, camouflage 1, gelatinous
body 1
a: no special abilities


You were on level 4 of the Dungeon.
You were not hungry.

You visited 1 branch of the dungeon, and saw 6 of its levels.

You collected 115 gold pieces.


Innate Abilities, Weirdness & Mutations

You cannot wear most types of armour.
You are amphibious.
You can wear up to eight rings at the same time.
You can use your tentacles to constrict eight enemies at once.
Your skin changes colour to match your surroundings (Stealth).
Your rubbery body absorbs attacks (AC +1).


   Skills:
 - Level 1.0 Fighting
 - Level 2.0 Dodging
 + Level 5.3 Unarmed Combat
 + Level 2.2 Spellcasting
 - Level 4.6 Transmutations
 - Level 3.0 Poison Magic


You had 3 spell levels left.
You knew the following spells:

 Your Spells              Type           Power        Failure   Level  Hunger
a - Beastly Appendage     Trmt           ###...       3%          1    #......
b - Sticks to Snakes      Trmt           ###.....     6%          2    ###....
l - Spider Form           Trmt/Pois      ##........   17%         3    ###....

Inventory:

Missiles
 a - 49 arrows
 i - a throwing net (quivered)
 w - 14 poisoned needles
Jewellery
 k - an uncursed amulet of faith
 m - a ring of positive energy (left tentacle)
 r - an amulet of the gourmand (around mantle)
 t - a ring of protection from cold (right tentacle)
Wands
 q - a wand of iceblast (4/15)
 u - a wand of polymorph (11/24)
Scrolls
 e - a scroll of recharging {unknown}
 h - 2 scrolls of teleportation {unknown}
 x - a scroll of enchant armour {unknown}
 y - a scroll of noise {unknown}
Potions
 d - 2 potions of haste {unknown}
 g - 2 potions of degeneration {unknown}
 j - 2 potions of flight
 l - a potion of lignification
 n - a potion of ambrosia
 o - 2 potions of curing
 v - a potion of cancellation {unknown}
Books
 b - a book of Changes
 p - a book of Minor Magic
Comestibles
 c - 2 bread rations
 f - 2 meat rations
 s - 2 beef jerkies
 z - a royal jelly

Dungeon Overview and Level Annotations

Branches:
Dungeon (6/15)
 Temple: D:4-7

Altars:
Okawaru
Ru
Xom

Annotations:
D:4 PeterLawrence's ghost, amateur MiFi


Message History

The orc priest is moderately wounded.
You hear a shout!
The orc priest completely misses you.
You hit the orc priest.
The orc priest looks even sicker.
The orc priest is severely wounded.
The orc priest casts a cantrip, but nothing happens.
You hit the orc priest.
You kill the orc priest!
The orc wizard gestures at you while chanting.
The puff of frost hits you! You resist.
The orc wizard gestures at you while chanting.
The puff of flame hits you!
Things that are here:
a club; a leather armour An orc comes into view.
The orc shouts!
The orc wizard closely misses you.
PeterLawrence's ghost barely misses you.
The orc wizard closely misses you.
Found 11 stones.
You bite the orc!
You kill the orc!
The orc wizard hits you with a dagger.
You bite PeterLawrence's ghost!
PeterLawrence's ghost is lightly damaged.
PeterLawrence's ghost closely misses you.
You hit PeterLawrence's ghost but do no damage.
PeterLawrence's ghost is lightly damaged.
Your transformation is almost over.
PeterLawrence's ghost hits you!
PeterLawrence's ghost screams, "They lied to you.
The Dungeon just goes down and down forever."
Found a brown potion and 10 gold pieces.
Your transformation has ended.
PeterLawrence's ghost hits you!
You die...

## W...# #. ....# #### #. .
.... #.#...########.>## #.
###...$ .................# #.
. .... #.##.#.#######...# #. #
#!.# #.##.#$# #...# #. #
#..##.# #.##.#.### #...# #. #
#..##.# #.##@....# #...# #.
###(.##.#
#.#W.....#####...###.
.....##.#
#....................
###..##.#
#o#......#####...####
.....##.# #.##.............#
####.##.#####.##.##########..#
#..Z...o...##.##..... ...#
####.#####.......# ###.#
#######.# ####........ ..#


You could see an orc wizard and PeterLawrence's ghost.

Action                   |  1- 3 |  4- 6 || total
-------------------------+-------+-------++-------
Melee: Unarmed           |   102 |   120 ||   222
 Cast: Spider Form       |     3 |    12 ||    15
       Sticks to Snakes  |       |     2 ||     2
  Use: Scroll            |       |     5 ||     5
       Potion            |       |     1 ||     1
 Stab: Sleeping          |    13 |     3 ||    16
  Eat: Chunk             |     6 |    22 ||    28
       Beef jerky        |     1 |       ||     1

Notes
Turn   | Place    | Note
--------------------------------------------------------------
     0 | D:1      | Duffy the Octopode Transmuter began the quest for the Orb.
     0 | D:1      | Reached XP level 1. HP: 13/13 MP: 3/3
   811 | D:2      | Reached XP level 2. HP: 2/18 MP: 5/5
  1366 | D:1      | Found an iron altar of Okawaru.
  1528 | D:1      | Reached skill level 4 in Unarmed Combat
  1823 | D:1      | Reached XP level 3. HP: 23/23 MP: 6/6
  2873 | D:1      | Learned a level 2 spell: Sticks to Snakes
  2877 | D:1      | Learned a level 3 spell: Spider Form
  3296 | D:2      | Noticed Ijyb
  3308 | D:2      | Killed Ijyb
  3308 | D:2      | Reached XP level 4. HP: 21/28 MP: 4/7
  3793 | D:2      | Reached skill level 1 in Poison Magic
  3793 | D:2      | Reached XP level 5. HP: 30/33 MP: 2/8
  4006 | D:3      | Reached skill level 2 in Poison Magic
  4234 | D:3      | Reached skill level 3 in Poison Magic
  4269 | D:3      | Reached skill level 5 in Unarmed Combat
  4317 | D:3      | Found a sacrificial altar of Ru.
  4793 | D:4      | Reached skill level 3 in Transmutations
  4922 | D:4      | Noticed PeterLawrence's ghost (amateur MiFi)
  4954 | D:4      | Noticed Sigmund
  4990 | D:4      | Killed Sigmund
  4990 | D:4      | Reached skill level 4 in Transmutations
  4990 | D:4      | Reached XP level 6. HP: 10/38 MP: 6/9
  5337 | D:5      | Entered Level 5 of the Dungeon
  5446 | D:4      | Found a shimmering altar of Xom.
  5568 | D:4      | Mangled by PeterLawrence's ghost

Vault maps used:
D:1:      dpeg_arrival_pond, minivault_11, glass_columns_c,
          minmay_misc_feat_room, hangedman_decor_growths,
          okawaru_ov_weapons_minmay
D:2:      uniq_iyjb
D:3:      lemuel_crystal_altar, first_bread
D:4:      lemuel_crystal_altar, temple_statues, lightli_sewer_entry_pipes,
          minmay_misc_feat_rows, nicolae_tso_besieged_by_evil, uniq_sigmund
D:6:      nicolae_whirlpool, kennysheep_mini_moat,
          nicolae_overflow_hidden_temple, uniq_grinder

Vanquished Creatures
  Sigmund
  An orc priest Ijyb
  An orc wizard
  A worker ant
  4 gnolls
  An adder
  6 worms
  2 giant geckos
  8 orcs
  4 giant cockroaches
  8 goblins
  8 hobgoblins
  3 jackals
  A quokka
  A ball python
  9 bats
  4 giant newts
  9 kobolds
  An orc zombie
  2 quokka skeletons
  7 rats
83 creatures vanquished.
